Sabres vs Senateurs
(R1)
Created - October 31, 2023 at 19:07
Goals
|
| Sabres |
0 |
1 |
0 |
1 |
| Senateurs |
0 |
3 |
2 |
5 |
|
Shots
|
| Sabres |
9 |
19 |
13 |
41 |
| Senateurs |
4 |
9 |
16 |
29 |
|
1st period
No Goal
Penalties :
Colton Parayko (Buf) for Boarding (Minor) at 5:15, Ben Hutton (Buf) for Hooking (Minor) at 11:20, Dmitry Sinitsyn (Ott) for Interference (Minor) at 13:50, William Karlsson (Buf) for Interference (Minor) at 17:36
2nd period
1. Senateurs , Jordan Martinook 1 (Erik Haula 4, Michael Frolik 2) at 2:26
2. Senateurs , David Backes 5 (Erik Gudbranson 3, Eric Gelinas 3) at 11:30 (PP)
3. Sabres , Sam Gagner 1 (Colton Parayko 4, Nate Schmidt 2) at 14:32
4. Senateurs , Erik Haula 1 (Michael Frolik 3, Eric Gelinas 4) at 19:30
Penalties :
Braydon Coburn (Ott) for Tripping (Minor) at 3:51, Colton Parayko (Buf) for Boarding (Minor) at 10:32, David Backes (Ott) for Hooking (Minor) at 14:41
3rd period
5. Senateurs , Rostislav Olesz 1 (Riley Sheahan 1, Ladislav Smid 1) at 13:23
6. Senateurs , Dennis Everberg 1 (Eric Gelinas 5) at 17:46
Penalties :
Ben Hutton (Buf) for Hooking (Minor) at 0:52, Derick Brassard (Ott) for Hooking (Minor) at 5:53
Goalie Stats
John Gibson (Buf), 24 saves from 29 shots - (0.828), L, 4-3-0, 60:00 minutes
Jaroslav Halak (Ott), 40 saves from 41 shots - (0.976), W, 1-0-0, 60:00 minutes
Players Stats for Sabres
Player Name G A P +/- PIM S H SB GA TA FO MP PP MP PK MP
------------------------------------------------------------------------------------
Aaron Ekblad 0 0 0 -2 0 5 2 2 1 2 0/0 28:13 5:10 0:48
Adrian Kempe 0 0 0 -1 0 2 1 1 0 1 0/1 13:56 2:46 2:06
Ben Hutton 0 0 0 -2 4 2 0 2 0 1 0/0 20:26 0:00 2:51
Brian Ferlin 0 0 0 -1 0 1 1 0 0 0 0/0 9:58 0:00 4:14
Colton Parayko 0 1 1 0 4 5 2 2 1 0 0/0 20:08 5:10 3:13
Evgeni Malkin 0 0 0 0 0 4 4 1 0 2 5/15 15:59 3:13 0:52
Kyle Okposo 0 0 0 -1 0 3 2 0 1 0 0/0 11:56 0:00 2:58
Logan Couture 0 0 0 -1 0 1 0 1 0 0 3/5 12:12 0:00 3:05
Morgan Rielly 0 0 0 -1 0 2 1 0 1 3 0/0 16:21 2:44 2:14
Nate Schmidt 0 1 1 0 0 2 0 1 1 2 0/0 19:20 0:00 5:27
Nikita Zaitsev 0 0 0 -1 0 0 0 0 0 0 0/0 12:47 0:02 3:15
Ryan Kesler 0 0 0 -1 0 0 0 1 0 0 1/1 5:33 0:00 0:00
Sam Gagner 1 0 1 0 0 5 0 1 2 0 1/1 14:52 3:13 0:00
Sidney Crosby 0 0 0 -1 0 2 2 1 1 0 20/38 21:14 4:43 0:00
Teuvo Teravainen 0 0 0 -1 0 4 1 1 0 0 2/3 22:51 4:43 1:16
Tyler Johnson 0 0 0 -1 0 1 1 2 0 0 2/3 21:14 4:43 0:00
William Karlsson 0 0 0 -1 2 2 1 0 0 0 1/5 9:09 0:00 3:17
William Nylander 0 0 0 0 0 0 2 2 0 0 1/1 14:52 3:13 0:00
Players Stats for Senateurs
Player Name G A P +/- PIM S H SB GA TA FO MP PP MP PK MP
------------------------------------------------------------------------------------
Brandon Dubinsky 0 0 0 1 0 0 1 0 0 0 3/4 9:23 0:00 0:25
Brandon Sutter 0 0 0 0 0 3 0 1 0 0 21/42 25:59 5:18 5:00
Braydon Coburn 0 0 0 1 2 0 2 2 0 1 0/0 19:18 3:13 1:39
Cody Eakin 0 0 0 1 0 1 0 0 0 0 1/1 5:35 0:00 0:00
David Backes 1 0 1 0 2 4 0 0 0 0 2/2 20:59 5:12 0:00
Dennis Everberg 1 0 1 1 0 1 0 0 0 0 0/0 5:56 0:07 0:00
Derick Brassard 0 0 0 0 2 1 0 1 2 1 1/3 24:40 5:18 3:35
Dmitry Sinitsyn 0 0 0 0 2 1 0 0 1 0 0/0 8:55 0:00 0:07
Eric Gelinas 0 3 3 2 0 1 3 2 2 1 0/0 31:11 5:41 5:21
Erik Gudbranson 0 1 1 2 0 1 2 1 2 0 0/0 31:11 5:41 5:21
Erik Haula 1 1 2 1 0 1 2 0 0 3 7/17 17:40 3:29 1:35
Jordan Martinook 1 0 1 1 0 2 0 1 1 0 1/2 19:00 3:29 2:48
Ladislav Smid 0 1 1 1 0 0 2 1 1 0 0/0 20:06 3:13 2:35
Michael Frolik 0 2 2 1 0 5 1 1 0 0 1/2 18:03 3:29 2:08
Riley Sheahan 0 1 1 1 0 2 1 0 0 2 0/0 9:26 0:13 0:00
Rostislav Olesz 1 0 1 1 0 5 1 0 2 0 0/0 9:39 0:07 0:21
Taylor Chorney 0 0 0 0 0 0 0 0 0 0 0/0 9:24 0:00 0:49
Tim Schaller 0 0 0 1 0 1 0 0 0 0 0/0 5:35 0:00 0:00
3 Stars
1 - Jaroslav Halak (Ott)
2 - Eric Gelinas (Ott)
3 - Erik Haula (Ott)
Power Play
Sabres - 0 on 4 Attempt(s) - 0.00%
Senateurs - 1 on 5 Attempt(s) - 20.00%
Penalty Kill
Sabres - 4 on 5 Attempt(s) - 80.00%
- Score 0 goal in Penalty Kill
Senateurs - 4 on 4 Attempt(s) - 100.00%
- Score 0 goal in Penalty Kill
Team Stat
Sabres - Hits : 20 - Faceoff Wins : 36 - Blocked Shots : 18 - Penalty Minutes : 10
Senateurs - Hits : 15 - Faceoff Wins : 37 - Blocked Shots : 10 - Penalty Minutes : 8
Official
Referees : Tom Chmielewski and Michael Markovic
Linesman : Mark Shewchyk and Bryan Pancich
Game Notes
Colton Parayko is injured at 10:19 of 3rd period (Lacerated Left Calf)
Finance
Level 1 -- Attendance: 5594 (93.23%) -- Ticket Income $559,400
Level 2 -- Attendance: 4591 (91.82%) -- Ticket Income $275,460
Level 3 -- Attendance: 2000 (100.00%) -- Ticket Income $70,000
Level 4 -- Attendance: 3750 (93.75%) -- Ticket Income $93,750
Luxury Box -- Attendance: 980 (98.00%) -- Ticket Income $196,000
Game was played at the Centre Canadian Tire.
Total Attendance: 16915 (93.97%)
Total Ticket Income: $1,194,610
Other Income: $179,192
Total Income: $1,373,802
Sabres
5 vs 5 Forward
Center Left Wing Right Wing Time % Phy DF OF
1 Sidney Crosby Teuvo Teravainen Tyler Johnson 40 1 2 2
2 Evgeni Malkin William Nylander Sam Gagner 30 1 2 2
3 Logan Couture Adrian Kempe Kyle Okposo 20 1 2 2
4 William Karlsson Ryan Kesler Brian Ferlin 10 1 2 2
5 vs 5 Defense
Defense Defense Time % Phy DF OF
1 Ben Hutton Aaron Ekblad 40 1 2 2
2 Nate Schmidt Colton Parayko 30 1 2 2
3 Morgan Rielly Nikita Zaitsev 20 1 2 2
4 Aaron Ekblad Colton Parayko 10 1 2 2
PowerPlay Forward
Center Left Wing Right Wing Time % Phy DF OF
1 Sidney Crosby Teuvo Teravainen Tyler Johnson 60 1 2 2
2 Evgeni Malkin William Nylander Sam Gagner 40 1 2 2
PowerPlay Defense
Defense Defense Time % Phy DF OF
1 Aaron Ekblad Colton Parayko 60 1 2 2
2 Adrian Kempe Morgan Rielly 40 1 2 2
Penalty Kill 4 Players Forward
Center Wing Time % Phy DF OF
1 William Karlsson Brian Ferlin 60 1 2 2
2 Logan Couture Kyle Okposo 40 1 2 2
Penalty Kill 4 Players Defense
Defense Defense Time % Phy DF OF
1 Ben Hutton Colton Parayko 60 1 2 2
2 Nate Schmidt Nikita Zaitsev 40 1 2 2
Penalty Kill - 3 Players Forward
Forward Time % Phy DF OF
1 William Karlsson 60 1 2 2
2 Logan Couture 40 1 2 2
Penalty Kill - 3 Players Defense
Defense Defense Time % Phy DF OF
1 Ben Hutton Colton Parayko 60 1 2 2
2 Nate Schmidt Nikita Zaitsev 40 1 2 2
4 vs 4 Forward
Center Wing Time % Phy DF OF
1 Sidney Crosby Tyler Johnson 60 1 2 2
2 Evgeni Malkin Teuvo Teravainen 40 1 2 2
4 vs 4 Defense
Defense Defense Time % Phy DF OF
1 Morgan Rielly Aaron Ekblad 60 1 2 2
2 Ben Hutton Colton Parayko 40 1 2 2
Last Minutes Offensive
Center Left Wing Right Wing Defense Defense
Sidney Crosby Teuvo Teravainen Tyler Johnson Aaron Ekblad Colton Parayko
Last Minutes Defensive
Center Left Wing Right Wing Defense Defense
Sidney Crosby Logan Couture Brian Ferlin Nikita Zaitsev Colton Parayko
Goaltenders
Starting : John Gibson
Backup : Cam Talbot
Extra Forwards
Normal : Sidney Crosby, Tyler Johnson, Evgeni Malkin - PP : Logan Couture, Kyle Okposo - PK : Adrian Kempe
Extra Defensemen
Normal : Aaron Ekblad, Colton Parayko, Morgan Rielly - PP : Nikita Zaitsev - PK : Nate Schmidt, Morgan Rielly
Penalty Shots
Sidney Crosby, Tyler Johnson, Teuvo Teravainen, William Nylander, Adrian Kempe
Custom OT Lines Forwards
Sidney Crosby, Tyler Johnson, Evgeni Malkin, Teuvo Teravainen, William Nylander, Adrian Kempe, Sam Gagner, Kyle Okposo, Logan Couture, William Karlsson
Custom OT Lines Defensemen
Aaron Ekblad, Colton Parayko, Morgan Rielly, Ben Hutton, Nikita Zaitsev
Scratches
None
Senateurs
5 vs 5 Forward
Center Left Wing Right Wing Time % Phy DF OF
1 Brandon Sutter Derick Brassard David Backes 40 0 2 3
2 Erik Haula Jordan Martinook Michael Frolik 30 0 2 3
3 Brandon Dubinsky Rostislav Olesz Riley Sheahan 20 0 3 2
4 Cody Eakin Tim Schaller Dennis Everberg 10 0 3 2
5 vs 5 Defense
Defense Defense Time % Phy DF OF
1 Erik Gudbranson Eric Gelinas 40 0 2 3
2 Ladislav Smid Braydon Coburn 30 0 2 3
3 Taylor Chorney Dmitry Sinitsyn 20 0 3 2
4 Erik Gudbranson Eric Gelinas 10 0 3 2
PowerPlay Forward
Center Left Wing Right Wing Time % Phy DF OF
1 Brandon Sutter Derick Brassard David Backes 60 0 1 4
2 Erik Haula Jordan Martinook Michael Frolik 40 0 1 4
PowerPlay Defense
Defense Defense Time % Phy DF OF
1 Erik Gudbranson Eric Gelinas 60 0 1 4
2 Ladislav Smid Braydon Coburn 40 0 1 4
Penalty Kill 4 Players Forward
Center Wing Time % Phy DF OF
1 Brandon Sutter Derick Brassard 60 1 3 1
2 Erik Haula Jordan Martinook 40 1 3 1
Penalty Kill 4 Players Defense
Defense Defense Time % Phy DF OF
1 Erik Gudbranson Eric Gelinas 60 1 3 1
2 Ladislav Smid Braydon Coburn 40 1 3 1
Penalty Kill - 3 Players Forward
Forward Time % Phy DF OF
1 Brandon Sutter 60 1 3 1
2 Erik Haula 40 1 3 1
Penalty Kill - 3 Players Defense
Defense Defense Time % Phy DF OF
1 Erik Gudbranson Eric Gelinas 60 1 3 1
2 Ladislav Smid Braydon Coburn 40 1 3 1
4 vs 4 Forward
Center Wing Time % Phy DF OF
1 Brandon Sutter Derick Brassard 60 1 2 2
2 Erik Haula Jordan Martinook 40 1 2 2
4 vs 4 Defense
Defense Defense Time % Phy DF OF
1 Erik Gudbranson Eric Gelinas 60 1 2 2
2 Ladislav Smid Braydon Coburn 40 1 2 2
Last Minutes Offensive
Center Left Wing Right Wing Defense Defense
Brandon Sutter Derick Brassard David Backes Erik Gudbranson Eric Gelinas
Last Minutes Defensive
Center Left Wing Right Wing Defense Defense
Brandon Sutter Derick Brassard David Backes Erik Gudbranson Eric Gelinas
Goaltenders
Starting : Jaroslav Halak
Backup : Martin Jones
Extra Forwards
Normal : Michael Frolik, Riley Sheahan, Brandon Dubinsky - PP : Michael Frolik, Riley Sheahan - PK : Michael Frolik
Extra Defensemen
Normal : Braydon Coburn, Taylor Chorney, Dmitry Sinitsyn - PP : Braydon Coburn - PK : Braydon Coburn, Taylor Chorney
Penalty Shots
Derick Brassard, Brandon Sutter, Erik Haula, David Backes, Michael Frolik
Custom OT Lines Forwards
Derick Brassard, Brandon Sutter, Erik Haula, David Backes, Michael Frolik, Riley Sheahan, Brandon Dubinsky, Jordan Martinook, Rostislav Olesz, Cody Eakin
Custom OT Lines Defensemen
Erik Gudbranson, Eric Gelinas, Ladislav Smid, Braydon Coburn, Taylor Chorney
Scratches
Garnet Hathaway (Healthy), Kyle Rau (Healthy), Zemgus Girgensons (Healthy)
% Time on Ice - Sabres
Lines # - Real PCT - Wanted PCT - Time Play
Normal Forward
1 - 39% - 40% - 17:00
2 - 29% - 30% - 12:19
3 - 19% - 20% - 8:18
4 - 13% - 10% - 5:33
Normal Defense
1 - 41% - 40% - 17:44
2 - 34% - 30% - 14:48
3 - 21% - 20% - 9:15
4 - 3% - 10% - 1:23
PP Forward
1 - 59% - 60% - 4:43
2 - 41% - 40% - 3:13
PP Defense
1 - 65% - 60% - 5:10
2 - 35% - 40% - 2:46
PK Forward
1 - 67% - 60% - 5:56
2 - 33% - 40% - 2:58
PK Defense
1 - 63% - 60% - 5:39
2 - 37% - 40% - 3:15
PK3 Forward
1 - 0% - 60%
2 - 0% - 40%
PK3 Defense
1 - 0% - 60%
2 - 0% - 40%
44 Forward
1 - 0% - 60%
2 - 0% - 40%
44 Defense
1 - 0% - 60%
2 - 0% - 40%
Last Minute Offensive - 0:00
Last Minute Defensive - 0:00
Total
Forward - 60:00
Defense - 60:00
|
% Time on Ice - Senateurs
Lines # - Real PCT - Wanted PCT - Time Play
Normal Forward
1 - 37% - 40% - 16:08
2 - 29% - 30% - 12:36
3 - 21% - 20% - 8:51
4 - 13% - 10% - 5:35
Normal Defense
1 - 42% - 40% - 18:09
2 - 33% - 30% - 14:27
3 - 20% - 20% - 8:34
4 - 5% - 10% - 2:00
PP Forward
1 - 61% - 60% - 5:25
2 - 39% - 40% - 3:29
PP Defense
1 - 64% - 60% - 5:41
2 - 36% - 40% - 3:13
PK Forward
1 - 80% - 60% - 6:21
2 - 20% - 40% - 1:35
PK Defense
1 - 67% - 60% - 5:21
2 - 33% - 40% - 2:35
PK3 Forward
1 - 0% - 60%
2 - 0% - 40%
PK3 Defense
1 - 0% - 60%
2 - 0% - 40%
44 Forward
1 - 0% - 60%
2 - 0% - 40%
44 Defense
1 - 0% - 60%
2 - 0% - 40%
Last Minute Offensive - 0:00
Last Minute Defensive - 0:00
Total
Forward - 60:00
Defense - 60:00
|
Play-by-Play
1st period
0:01 of 1st period - Sidney Crosby wins face-off versus Brandon Sutter in neutral zone.
0:10 of 1st period - Snap shot by Sidney Crosby.
0:10 of 1st period - Shot Blocked by Erik Gudbranson.
0:28 of 1st period - Snap shot by Sam Gagner.
0:28 of 1st period - Shot Blocked by Eric Gelinas.
0:52 of 1st period - Adrian Kempe is hit by Rostislav Olesz and loses puck.
1:43 of 1st period - Wrist shot by David Backes.
1:43 of 1st period - Deflect By Nate Schmidt.
1:43 of 1st period - Stopped by John Gibson with a rebound.
2:15 of 1st period - Morgan Rielly is hit by Brandon Dubinsky and loses puck.
2:38 of 1st period - Slapshot by Derick Brassard.
2:38 of 1st period - Stopped by John Gibson without a rebound.
2:39 of 1st period - Ryan Kesler wins face-off versus Brandon Sutter in Sabres zone.
3:12 of 1st period - Slapshot by Teuvo Teravainen.
3:12 of 1st period - Deflect By Taylor Chorney.
3:12 of 1st period - Shot Misses the Net.
3:12 of 1st period - Puck is out of play.
3:13 of 1st period - Erik Haula wins face-off versus Sidney Crosby in Senateurs zone.
4:05 of 1st period - Snap shot by Kyle Okposo.
4:05 of 1st period - Shot Misses the Net.
4:07 of 1st period - Snap shot by Morgan Rielly.
4:07 of 1st period - Stopped by Jaroslav Halak without a rebound.
4:08 of 1st period - David Backes wins face-off versus Sidney Crosby in Senateurs zone.
4:19 of 1st period - Wrist shot by Sidney Crosby.
4:19 of 1st period - Shot Misses the Net.
4:21 of 1st period - Slapshot by Colton Parayko.
4:21 of 1st period - Stopped by Jaroslav Halak with a rebound.
5:15 of 1st period - Minor Penalty to Colton Parayko for Boarding.
5:16 of 1st period - Brandon Sutter wins face-off versus William Karlsson in Sabres zone.
7:15 of 1st period - Penalty to Colton Parayko is over, Colton Parayko is back on ice.
7:29 of 1st period - Ladislav Smid is hit by Aaron Ekblad and loses puck.
7:36 of 1st period - Tim Schaller is hit by Evgeni Malkin and loses puck.
7:59 of 1st period - Off-side.
8:00 of 1st period - Cody Eakin wins face-off versus Evgeni Malkin in neutral zone.
8:11 of 1st period - Slapshot by Colton Parayko.
8:11 of 1st period - Stopped by Jaroslav Halak without a rebound.
8:12 of 1st period - Sidney Crosby wins face-off versus Erik Haula in Senateurs zone.
8:15 of 1st period - Snap shot by Teuvo Teravainen.
8:15 of 1st period - Stopped by Jaroslav Halak without a rebound.
8:16 of 1st period - Sidney Crosby wins face-off versus Erik Haula in Senateurs zone.
9:14 of 1st period - Nate Schmidt is hit by Braydon Coburn and loses puck.
9:50 of 1st period - Wrist shot by Teuvo Teravainen.
9:50 of 1st period - Shot Misses the Net.
9:52 of 1st period - Snap shot by Nate Schmidt.
9:52 of 1st period - Shot Misses the Net.
9:54 of 1st period - Slapshot by Nate Schmidt.
9:54 of 1st period - Stopped by Jaroslav Halak without a rebound.
9:55 of 1st period - Brandon Dubinsky wins face-off versus Sidney Crosby in Senateurs zone.
10:22 of 1st period - Aaron Ekblad is hit by Erik Gudbranson.
10:42 of 1st period - Snap shot by William Karlsson.
10:42 of 1st period - Stopped by Jaroslav Halak with a rebound.
10:44 of 1st period - Snap shot by Brian Ferlin.
10:44 of 1st period - Shot Misses the Net.
10:46 of 1st period - Snap shot by William Karlsson.
10:46 of 1st period - Stopped by Jaroslav Halak without a rebound.
10:47 of 1st period - Erik Haula wins face-off versus Sidney Crosby in Senateurs zone.
10:54 of 1st period - Snap shot by Erik Haula.
10:54 of 1st period - Shot Blocked by Ben Hutton.
10:56 of 1st period - Snap shot by Erik Haula.
10:56 of 1st period - Deflect By Jordan Martinook.
10:56 of 1st period - Shot Misses the Net.
10:56 of 1st period - Puck is out of play.
10:57 of 1st period - Sidney Crosby wins face-off versus Brandon Sutter in Sabres zone.
11:20 of 1st period - Minor Penalty to Ben Hutton for Hooking.
11:21 of 1st period - Brandon Sutter wins face-off versus William Karlsson in Sabres zone.
13:15 of 1st period - Slapshot by Teuvo Teravainen.
13:15 of 1st period - Shot Misses the Net.
13:20 of 1st period - Penalty to Ben Hutton is over, Ben Hutton is back on ice.
13:21 of 1st period - Derick Brassard is hit by Morgan Rielly and loses puck.
13:50 of 1st period - Minor Penalty to Dmitry Sinitsyn for Interference.
13:51 of 1st period - Brandon Sutter wins face-off versus Tyler Johnson in Senateurs zone.
14:02 of 1st period - Snap shot by William Nylander.
14:02 of 1st period - Shot Blocked by Brandon Sutter.
14:04 of 1st period - Slapshot by Aaron Ekblad.
14:04 of 1st period - Deflect By Erik Gudbranson.
14:04 of 1st period - Stopped by Jaroslav Halak with a rebound.
14:14 of 1st period - Snap shot by Evgeni Malkin.
14:14 of 1st period - Stopped by Jaroslav Halak with a rebound.
14:40 of 1st period - Backhand shot by Michael Frolik.
14:40 of 1st period - Stopped by John Gibson with a rebound.
15:30 of 1st period - Braydon Coburn is hit by Teuvo Teravainen and loses puck.
15:50 of 1st period - Penalty to Dmitry Sinitsyn is over, Dmitry Sinitsyn is back on ice.
16:03 of 1st period - Tim Schaller is hit by Brian Ferlin and loses puck.
16:40 of 1st period - Snap shot by William Karlsson.
16:40 of 1st period - Shot Misses the Net.
16:54 of 1st period - Backhand shot by Brandon Sutter.
16:54 of 1st period - Stopped by John Gibson with a rebound.
17:24 of 1st period - Morgan Rielly is hit by Eric Gelinas and loses puck.
17:36 of 1st period - Minor Penalty to William Karlsson for Interference.
17:37 of 1st period - Brandon Sutter wins face-off versus Adrian Kempe in Sabres zone.
18:57 of 1st period - Ladislav Smid is hit by Kyle Okposo and loses puck.
19:36 of 1st period - Penalty to William Karlsson is over, William Karlsson is back on ice.
19:52 of 1st period - Riley Sheahan is hit by Tyler Johnson and loses puck.
Goals for this period are 0 for Sabres vs 0 for Senateurs.
Shots for this period are 9 for Sabres vs 4 for Senateurs.
2nd period
0:01 of 2nd period - Sidney Crosby wins face-off versus Brandon Sutter in neutral zone.
0:26 of 2nd period - Ben Hutton is hit by Michael Frolik and loses puck.
0:33 of 2nd period - Wrist shot by Michael Frolik.
0:33 of 2nd period - Shot Blocked by Ben Hutton.
0:39 of 2nd period - Michael Frolik is hit by William Nylander and loses puck.
0:56 of 2nd period - Snap shot by Adrian Kempe.
0:56 of 2nd period - Shot Misses the Net.
0:58 of 2nd period - Backhand shot by Kyle Okposo.
0:58 of 2nd period - Stopped by Jaroslav Halak with a rebound.
1:00 of 2nd period - Slapshot by Kyle Okposo.
1:00 of 2nd period - Stopped by Jaroslav Halak with a rebound.
1:36 of 2nd period - Slapshot by David Backes.
1:36 of 2nd period - Shot Misses the Net.
1:38 of 2nd period - Snap shot by David Backes.
1:38 of 2nd period - Deflect By Colton Parayko.
1:38 of 2nd period - Shot Misses the Net.
1:38 of 2nd period - Puck is out of play.
1:39 of 2nd period - Tyler Johnson wins face-off versus Erik Haula in Sabres zone.
1:46 of 2nd period - Snap shot by Erik Gudbranson.
1:46 of 2nd period - Deflect By Jordan Martinook.
1:46 of 2nd period - Shot Misses the Net.
1:46 of 2nd period - Puck is out of play.
1:47 of 2nd period - Sidney Crosby wins face-off versus Erik Haula in Sabres zone.
2:00 of 2nd period - Backhand shot by Jordan Martinook.
2:00 of 2nd period - Shot Misses the Net.
2:02 of 2nd period - Backhand shot by Eric Gelinas.
2:02 of 2nd period - Shot Blocked by Aaron Ekblad.
2:04 of 2nd period - Slapshot by Erik Haula.
2:04 of 2nd period - Shot Blocked by Sidney Crosby.
2:06 of 2nd period - Wrist shot by Michael Frolik.
2:06 of 2nd period - Shot Hit the Post.
2:24 of 2nd period - Wrist shot by Erik Haula.
2:24 of 2nd period - Shot Misses the Net.
2:26 of 2nd period - Wrist shot by Jordan Martinook.
2:26 of 2nd period - Goal by Jordan Martinook - Sabres : 0 - Senateurs : 1.
2:27 of 2nd period - William Nylander wins face-off versus Brandon Sutter in neutral zone.
3:00 of 2nd period - Slapshot by Michael Frolik.
3:00 of 2nd period - Deflect By Erik Haula.
3:00 of 2nd period - Shot Blocked by Tyler Johnson.
3:00 of 2nd period - Puck is out of play.
3:01 of 2nd period - Evgeni Malkin wins face-off versus Erik Haula in Sabres zone.
3:01 of 2nd period - Evgeni Malkin is hit by Ladislav Smid.
3:09 of 2nd period - Snap shot by Evgeni Malkin.
3:09 of 2nd period - Shot Misses the Net.
3:11 of 2nd period - Wrist shot by Evgeni Malkin.
3:11 of 2nd period - Shot Misses the Net.
3:13 of 2nd period - Snap shot by Nikita Zaitsev.
3:13 of 2nd period - Shot Blocked by Braydon Coburn.
3:15 of 2nd period - Snap shot by Evgeni Malkin.
3:15 of 2nd period - Stopped by Jaroslav Halak without a rebound.
3:16 of 2nd period - Brandon Sutter wins face-off versus Sidney Crosby in Senateurs zone.
3:45 of 2nd period - Backhand shot by Adrian Kempe.
3:45 of 2nd period - Stopped by Jaroslav Halak without a rebound.
3:46 of 2nd period - Logan Couture wins face-off versus Erik Haula in Senateurs zone.
3:49 of 2nd period - Snap shot by Adrian Kempe.
3:49 of 2nd period - Shot Misses the Net.
3:51 of 2nd period - Minor Penalty to Braydon Coburn for Tripping.
3:52 of 2nd period - Sidney Crosby wins face-off versus Brandon Sutter in Senateurs zone.
5:51 of 2nd period - Penalty to Braydon Coburn is over, Braydon Coburn is back on ice.
5:57 of 2nd period - Rostislav Olesz is hit by Aaron Ekblad and loses puck.
6:06 of 2nd period - Rostislav Olesz is hit by William Karlsson and loses puck.
6:19 of 2nd period - Adrian Kempe is hit by Eric Gelinas and loses puck.
6:26 of 2nd period - Dennis Everberg is hit by Adrian Kempe and loses puck.
6:37 of 2nd period - Ryan Kesler is hit by Erik Gudbranson.
7:33 of 2nd period - Wrist shot by David Backes.
7:33 of 2nd period - Shot Misses the Net.
8:01 of 2nd period - Snap shot by Tim Schaller.
8:01 of 2nd period - Shot Misses the Net.
8:34 of 2nd period - Icing by Sidney Crosby.
8:35 of 2nd period - Sidney Crosby wins face-off versus Brandon Sutter in Sabres zone.
9:14 of 2nd period - Slapshot by Colton Parayko.
9:14 of 2nd period - Deflect By Riley Sheahan.
9:14 of 2nd period - Stopped by Jaroslav Halak with a rebound.
9:16 of 2nd period - Snap shot by Tyler Johnson.
9:16 of 2nd period - Deflect By Teuvo Teravainen.
9:16 of 2nd period - Stopped by Jaroslav Halak without a rebound.
9:17 of 2nd period - Evgeni Malkin wins face-off versus Brandon Sutter in Senateurs zone.
9:24 of 2nd period - David Backes is hit by Evgeni Malkin and loses puck.
9:43 of 2nd period - Erik Haula is hit by Kyle Okposo and loses puck.
10:10 of 2nd period - Wrist shot by Rostislav Olesz.
10:10 of 2nd period - Shot Misses the Net.
10:12 of 2nd period - Snap shot by Taylor Chorney.
10:12 of 2nd period - Shot Misses the Net.
10:14 of 2nd period - Slapshot by Dmitry Sinitsyn.
10:14 of 2nd period - Shot Blocked by Ryan Kesler.
10:16 of 2nd period - Slapshot by Taylor Chorney.
10:16 of 2nd period - Deflect By Rostislav Olesz.
10:16 of 2nd period - Stopped by John Gibson without a rebound.
10:17 of 2nd period - Brandon Sutter wins face-off versus Sidney Crosby in Sabres zone.
10:30 of 2nd period - Snap shot by Derick Brassard.
10:30 of 2nd period - Shot Blocked by Nate Schmidt.
10:32 of 2nd period - Minor Penalty to Colton Parayko for Boarding.
10:33 of 2nd period - Brandon Sutter wins face-off versus William Karlsson in Sabres zone.
10:34 of 2nd period - Wrist shot by David Backes.
10:34 of 2nd period - Deflect By Derick Brassard.
10:34 of 2nd period - Shot Misses the Net.
10:34 of 2nd period - Puck is out of play.
10:35 of 2nd period - William Karlsson wins face-off versus Brandon Sutter in Sabres zone.
11:14 of 2nd period - Snap shot by David Backes.
11:14 of 2nd period - Shot Misses the Net.
11:22 of 2nd period - Snap shot by David Backes.
11:22 of 2nd period - Shot Misses the Net.
11:24 of 2nd period - Slapshot by Eric Gelinas.
11:24 of 2nd period - Shot Misses the Net.
11:26 of 2nd period - Slapshot by Erik Gudbranson.
11:26 of 2nd period - Shot Misses the Net.
11:28 of 2nd period - Slapshot by Erik Gudbranson.
11:28 of 2nd period - Shot Blocked by Logan Couture.
11:30 of 2nd period - Wrist shot by David Backes.
11:30 of 2nd period - Goal by David Backes - Sabres : 0 - Senateurs : 2.
11:31 of 2nd period - Sidney Crosby wins face-off versus Erik Haula in neutral zone.
11:48 of 2nd period - Wrist shot by Michael Frolik.
11:48 of 2nd period - Shot Misses the Net.
12:27 of 2nd period - Wrist shot by Cody Eakin.
12:27 of 2nd period - Shot Misses the Net.
12:43 of 2nd period - Snap shot by William Karlsson.
12:43 of 2nd period - Shot Misses the Net.
13:23 of 2nd period - Brandon Dubinsky is hit by Evgeni Malkin and loses puck.
13:48 of 2nd period - Wrist shot by Dmitry Sinitsyn.
13:48 of 2nd period - Shot Misses the Net.
13:54 of 2nd period - Snap shot by Tim Schaller.
13:54 of 2nd period - Stopped by John Gibson without a rebound.
13:55 of 2nd period - Brandon Sutter wins face-off versus Sidney Crosby in Sabres zone.
13:56 of 2nd period - Snap shot by David Backes.
13:56 of 2nd period - Shot Blocked by Colton Parayko.
14:28 of 2nd period - Snap shot by Sam Gagner.
14:28 of 2nd period - Stopped by Jaroslav Halak with a rebound.
14:30 of 2nd period - Slapshot by Colton Parayko.
14:30 of 2nd period - Stopped by Jaroslav Halak with a rebound.
14:32 of 2nd period - Wrist shot by Sam Gagner.
14:32 of 2nd period - Goal by Sam Gagner - Sabres : 1 - Senateurs : 2.
14:33 of 2nd period - Sidney Crosby wins face-off versus Brandon Sutter in neutral zone.
14:41 of 2nd period - Minor Penalty to David Backes for Hooking.
14:42 of 2nd period - Sidney Crosby wins face-off versus Brandon Sutter in Senateurs zone.
14:48 of 2nd period - Wrist shot by Teuvo Teravainen.
14:48 of 2nd period - Shot Hit the Post.
14:50 of 2nd period - Wrist shot by Teuvo Teravainen.
14:50 of 2nd period - Shot Misses the Net.
14:52 of 2nd period - Slapshot by Aaron Ekblad.
14:52 of 2nd period - Deflect By Tyler Johnson.
14:52 of 2nd period - Shot Misses the Net.
14:52 of 2nd period - Puck is out of play.
14:53 of 2nd period - Sidney Crosby wins face-off versus Brandon Sutter in Senateurs zone.
15:00 of 2nd period - Wrist shot by Teuvo Teravainen.
15:00 of 2nd period - Shot Blocked by Derick Brassard.
15:02 of 2nd period - Slapshot by Aaron Ekblad.
15:02 of 2nd period - Stopped by Jaroslav Halak without a rebound.
15:03 of 2nd period - Brandon Sutter wins face-off versus Sidney Crosby in Senateurs zone.
15:12 of 2nd period - Slapshot by Colton Parayko.
15:12 of 2nd period - Stopped by Jaroslav Halak without a rebound.
15:13 of 2nd period - Brandon Sutter wins face-off versus Teuvo Teravainen in Senateurs zone.
15:29 of 2nd period - Off-side.
15:30 of 2nd period - Sidney Crosby wins face-off versus Brandon Sutter in neutral zone.
15:35 of 2nd period - Slapshot by Aaron Ekblad.
15:35 of 2nd period - Stopped by Jaroslav Halak without a rebound.
15:36 of 2nd period - Sidney Crosby wins face-off versus Derick Brassard in Senateurs zone.
16:34 of 2nd period - Icing by Morgan Rielly.
16:35 of 2nd period - Brandon Sutter wins face-off versus Evgeni Malkin in Sabres zone.
16:41 of 2nd period - Penalty to David Backes is over, David Backes is back on ice.
16:46 of 2nd period - Snap shot by Brian Ferlin.
16:46 of 2nd period - Stopped by Jaroslav Halak with a rebound.
16:48 of 2nd period - Slapshot by Morgan Rielly.
16:48 of 2nd period - Shot Misses the Net.
16:52 of 2nd period - Snap shot by Brian Ferlin.
16:52 of 2nd period - Shot Blocked by Jordan Martinook.
16:54 of 2nd period - Wrist shot by Morgan Rielly.
16:54 of 2nd period - Shot Blocked by Eric Gelinas.
16:56 of 2nd period - Slapshot by Morgan Rielly.
16:56 of 2nd period - Stopped by Jaroslav Halak without a rebound.
16:57 of 2nd period - Derick Brassard wins face-off versus Sidney Crosby in Senateurs zone.
17:04 of 2nd period - Wrist shot by Tyler Johnson.
17:04 of 2nd period - Stopped by Jaroslav Halak with a rebound.
17:06 of 2nd period - Slapshot by Ben Hutton.
17:06 of 2nd period - Stopped by Jaroslav Halak without a rebound.
17:07 of 2nd period - Brandon Sutter wins face-off versus Sidney Crosby in Senateurs zone.
17:07 of 2nd period - Brandon Sutter is hit by Sidney Crosby.
17:19 of 2nd period - Snap shot by Teuvo Teravainen.
17:19 of 2nd period - Shot Misses the Net.
17:21 of 2nd period - Slapshot by Ben Hutton.
17:21 of 2nd period - Shot Misses the Net.
17:23 of 2nd period - Slapshot by Aaron Ekblad.
17:23 of 2nd period - Deflect By Derick Brassard.
17:23 of 2nd period - Stopped by Jaroslav Halak with a rebound.
18:06 of 2nd period - Snap shot by Sidney Crosby.
18:06 of 2nd period - Shot Blocked by Ladislav Smid.
18:08 of 2nd period - Snap shot by Teuvo Teravainen.
18:08 of 2nd period - Shot Misses the Net.
18:10 of 2nd period - Slapshot by Aaron Ekblad.
18:10 of 2nd period - Stopped by Jaroslav Halak without a rebound.
18:11 of 2nd period - Erik Haula wins face-off versus Evgeni Malkin in Senateurs zone.
18:11 of 2nd period - Erik Haula is hit by Colton Parayko.
18:17 of 2nd period - Slapshot by Eric Gelinas.
18:17 of 2nd period - Stopped by John Gibson with a rebound.
18:19 of 2nd period - Backhand shot by Jordan Martinook.
18:19 of 2nd period - Stopped by John Gibson with a rebound.
18:21 of 2nd period - Snap shot by Michael Frolik.
18:21 of 2nd period - Shot Blocked by Evgeni Malkin.
18:23 of 2nd period - Slapshot by Jordan Martinook.
18:23 of 2nd period - Deflect By Michael Frolik.
18:23 of 2nd period - Stopped by John Gibson without a rebound.
18:24 of 2nd period - Michael Frolik wins face-off versus Evgeni Malkin in Sabres zone.
18:47 of 2nd period - Icing by Erik Gudbranson.
18:48 of 2nd period - Logan Couture wins face-off versus Erik Haula in Senateurs zone.
18:49 of 2nd period - Slapshot by Aaron Ekblad.
18:49 of 2nd period - Shot Blocked by Michael Frolik.
18:51 of 2nd period - Snap shot by Kyle Okposo.
18:51 of 2nd period - Stopped by Jaroslav Halak without a rebound.
18:52 of 2nd period - Logan Couture wins face-off versus Derick Brassard in Senateurs zone.
19:28 of 2nd period - Slapshot by Erik Haula.
19:28 of 2nd period - Deflect By Michael Frolik.
19:28 of 2nd period - Stopped by John Gibson with a rebound.
19:30 of 2nd period - Snap shot by Erik Haula.
19:30 of 2nd period - Goal by Erik Haula - Sabres : 1 - Senateurs : 3.
19:31 of 2nd period - David Backes wins face-off versus Sidney Crosby in neutral zone.
Goals for this period are 1 for Sabres vs 3 for Senateurs.
Shots for this period are 19 for Sabres vs 9 for Senateurs.
3rd period
0:01 of 3rd period - Brandon Sutter wins face-off versus Evgeni Malkin in neutral zone.
0:06 of 3rd period - Wrist shot by Brandon Sutter.
0:06 of 3rd period - Stopped by John Gibson with a rebound.
0:14 of 3rd period - Wrist shot by Evgeni Malkin.
0:14 of 3rd period - Shot Misses the Net.
0:21 of 3rd period - Icing by Eric Gelinas.
0:22 of 3rd period - Teuvo Teravainen wins face-off versus Brandon Sutter in Senateurs zone.
0:39 of 3rd period - Snap shot by Sidney Crosby.
0:39 of 3rd period - Stopped by Jaroslav Halak without a rebound.
0:40 of 3rd period - Erik Haula wins face-off versus Evgeni Malkin in Senateurs zone.
0:47 of 3rd period - Snap shot by Michael Frolik.
0:47 of 3rd period - Stopped by John Gibson without a rebound.
0:48 of 3rd period - Jordan Martinook wins face-off versus Evgeni Malkin in Sabres zone.
0:52 of 3rd period - Minor Penalty to Ben Hutton for Hooking.
0:53 of 3rd period - Brandon Sutter wins face-off versus William Karlsson in Sabres zone.
2:52 of 3rd period - Penalty to Ben Hutton is over, Ben Hutton is back on ice.
3:07 of 3rd period - Colton Parayko is hit by Braydon Coburn and loses puck.
3:31 of 3rd period - Wrist shot by Ben Hutton.
3:31 of 3rd period - Stopped by Jaroslav Halak without a rebound.
3:32 of 3rd period - Sidney Crosby wins face-off versus Brandon Dubinsky in Senateurs zone.
3:59 of 3rd period - Riley Sheahan is hit by William Nylander and loses puck.
4:43 of 3rd period - Snap shot by Adrian Kempe.
4:43 of 3rd period - Stopped by Jaroslav Halak without a rebound.
4:44 of 3rd period - Erik Haula wins face-off versus Logan Couture in Senateurs zone.
4:44 of 3rd period - Erik Haula is hit by Colton Parayko.
4:56 of 3rd period - Wrist shot by Logan Couture.
4:56 of 3rd period - Stopped by Jaroslav Halak without a rebound.
4:57 of 3rd period - Tyler Johnson wins face-off versus Brandon Sutter in Senateurs zone.
5:34 of 3rd period - Wrist shot by Evgeni Malkin.
5:34 of 3rd period - Stopped by Jaroslav Halak without a rebound.
5:35 of 3rd period - Evgeni Malkin wins face-off versus Brandon Sutter in Senateurs zone.
5:36 of 3rd period - Snap shot by Sam Gagner.
5:36 of 3rd period - Stopped by Jaroslav Halak without a rebound.
5:37 of 3rd period - Sidney Crosby wins face-off versus Brandon Sutter in Senateurs zone.
5:50 of 3rd period - Wrist shot by Sidney Crosby.
5:50 of 3rd period - Stopped by Jaroslav Halak without a rebound.
5:51 of 3rd period - Brandon Sutter wins face-off versus Sidney Crosby in Senateurs zone.
5:53 of 3rd period - Minor Penalty to Derick Brassard for Hooking.
5:54 of 3rd period - Sidney Crosby wins face-off versus Brandon Sutter in Senateurs zone.
6:22 of 3rd period - Jordan Martinook is hit by Evgeni Malkin and loses puck.
6:31 of 3rd period - Snap shot by Sam Gagner.
6:31 of 3rd period - Stopped by Jaroslav Halak without a rebound.
6:32 of 3rd period - Sidney Crosby wins face-off versus Brandon Sutter in Senateurs zone.
6:45 of 3rd period - Slapshot by Teuvo Teravainen.
6:45 of 3rd period - Deflect By Sidney Crosby.
6:45 of 3rd period - Shot Blocked by Braydon Coburn.
6:45 of 3rd period - Puck is out of play.
6:46 of 3rd period - Sidney Crosby wins face-off versus Michael Frolik in Senateurs zone.
7:11 of 3rd period - William Nylander is hit by Erik Haula and loses puck.
7:38 of 3rd period - Sam Gagner is hit by Eric Gelinas and loses puck.
7:53 of 3rd period - Penalty to Derick Brassard is over, Derick Brassard is back on ice.
8:09 of 3rd period - Snap shot by Cody Eakin.
8:09 of 3rd period - Shot Misses the Net.
8:40 of 3rd period - Sam Gagner is hit by Ladislav Smid and loses puck.
9:04 of 3rd period - Ben Hutton is hit by Riley Sheahan and loses puck.
10:15 of 3rd period - Wrist shot by Riley Sheahan.
10:15 of 3rd period - Shot Blocked by William Nylander.
10:17 of 3rd period - Snap shot by Riley Sheahan.
10:17 of 3rd period - Shot Blocked by Sam Gagner.
10:19 of 3rd period - Snap shot by Riley Sheahan.
10:19 of 3rd period - Shot Blocked by Colton Parayko.
10:19 of 3rd period - Colton Parayko from Sabres is injured at 10:19 of 3rd period (Lacerated Left Calf).
10:20 of 3rd period - Brandon Sutter wins face-off versus Sidney Crosby in Sabres zone.
11:17 of 3rd period - Snap shot by Cody Eakin.
11:17 of 3rd period - Stopped by John Gibson without a rebound.
11:18 of 3rd period - Brandon Sutter wins face-off versus Sidney Crosby in Sabres zone.
11:29 of 3rd period - Slapshot by Teuvo Teravainen.
11:29 of 3rd period - Stopped by Jaroslav Halak without a rebound.
11:30 of 3rd period - Teuvo Teravainen wins face-off versus Brandon Sutter in Senateurs zone.
11:45 of 3rd period - Snap shot by Brandon Sutter.
11:45 of 3rd period - Stopped by John Gibson with a rebound.
11:57 of 3rd period - William Nylander is hit by Erik Haula and loses puck.
12:02 of 3rd period - Snap shot by Michael Frolik.
12:02 of 3rd period - Stopped by John Gibson without a rebound.
12:03 of 3rd period - Evgeni Malkin wins face-off versus Jordan Martinook in Sabres zone.
12:11 of 3rd period - Icing by Evgeni Malkin.
12:12 of 3rd period - Evgeni Malkin wins face-off versus Erik Haula in Sabres zone.
12:31 of 3rd period - Slapshot by Evgeni Malkin.
12:31 of 3rd period - Stopped by Jaroslav Halak without a rebound.
12:32 of 3rd period - Brandon Sutter wins face-off versus Sidney Crosby in Senateurs zone.
12:32 of 3rd period - Brandon Sutter is hit by Sidney Crosby.
12:38 of 3rd period - Slapshot by Ladislav Smid.
12:38 of 3rd period - Shot Blocked by Tyler Johnson.
13:19 of 3rd period - Slapshot by Riley Sheahan.
13:19 of 3rd period - Stopped by John Gibson with a rebound.
13:21 of 3rd period - Wrist shot by Riley Sheahan.
13:21 of 3rd period - Shot Misses the Net.
13:23 of 3rd period - Snap shot by Rostislav Olesz.
13:23 of 3rd period - Goal by Rostislav Olesz - Sabres : 1 - Senateurs : 4.
13:24 of 3rd period - Sidney Crosby wins face-off versus Brandon Sutter in neutral zone.
13:29 of 3rd period - Slapshot by Nate Schmidt.
13:29 of 3rd period - Stopped by Jaroslav Halak without a rebound.
13:30 of 3rd period - Brandon Sutter wins face-off versus Sidney Crosby in Senateurs zone.
13:59 of 3rd period - Snap shot by Rostislav Olesz.
13:59 of 3rd period - Stopped by John Gibson with a rebound.
14:01 of 3rd period - Slapshot by Eric Gelinas.
14:01 of 3rd period - Shot Blocked by Aaron Ekblad.
14:03 of 3rd period - Wrist shot by Eric Gelinas.
14:03 of 3rd period - Shot Blocked by Teuvo Teravainen.
14:05 of 3rd period - Slapshot by Erik Gudbranson.
14:05 of 3rd period - Stopped by John Gibson with a rebound.
14:56 of 3rd period - Snap shot by Dennis Everberg.
14:56 of 3rd period - Shot Blocked by Adrian Kempe.
14:58 of 3rd period - Snap shot by Dmitry Sinitsyn.
14:58 of 3rd period - Deflect By Kyle Okposo.
14:58 of 3rd period - Stopped by John Gibson with a rebound.
15:00 of 3rd period - Snap shot by Cody Eakin.
15:00 of 3rd period - Shot Misses the Net.
15:36 of 3rd period - Off-side.
15:37 of 3rd period - Erik Haula wins face-off versus Evgeni Malkin in neutral zone.
15:39 of 3rd period - Off-side.
15:40 of 3rd period - Sam Gagner wins face-off versus Erik Haula in neutral zone.
16:07 of 3rd period - Snap shot by Tyler Johnson.
16:07 of 3rd period - Shot Misses the Net.
16:09 of 3rd period - Slapshot by Teuvo Teravainen.
16:09 of 3rd period - Stopped by Jaroslav Halak without a rebound.
16:10 of 3rd period - Brandon Sutter wins face-off versus Sidney Crosby in Senateurs zone.
16:30 of 3rd period - Snap shot by David Backes.
16:30 of 3rd period - Stopped by John Gibson without a rebound.
16:31 of 3rd period - Erik Haula wins face-off versus Logan Couture in Sabres zone.
17:46 of 3rd period - Snap shot by Dennis Everberg.
17:46 of 3rd period - Goal by Dennis Everberg - Sabres : 1 - Senateurs : 5.
17:47 of 3rd period - Brandon Sutter wins face-off versus Sidney Crosby in neutral zone.
17:52 of 3rd period - Snap shot by David Backes.
17:52 of 3rd period - Stopped by John Gibson with a rebound.
18:18 of 3rd period - Slapshot by Rostislav Olesz.
18:18 of 3rd period - Stopped by John Gibson without a rebound.
18:19 of 3rd period - Brandon Dubinsky wins face-off versus Evgeni Malkin in Sabres zone.
18:20 of 3rd period - Snap shot by Riley Sheahan.
18:20 of 3rd period - Stopped by John Gibson without a rebound.
18:21 of 3rd period - Brandon Dubinsky wins face-off versus Evgeni Malkin in Sabres zone.
18:34 of 3rd period - Wrist shot by Rostislav Olesz.
18:34 of 3rd period - Stopped by John Gibson with a rebound.
18:36 of 3rd period - Snap shot by Riley Sheahan.
18:36 of 3rd period - Shot Misses the Net.
18:38 of 3rd period - Slapshot by Erik Gudbranson.
18:38 of 3rd period - Shot Blocked by William Nylander.
19:59 of 3rd period - Snap shot by Sam Gagner.
19:59 of 3rd period - Stopped by Jaroslav Halak with a rebound.
Goals for this period are 0 for Sabres vs 2 for Senateurs.
Shots for this period are 13 for Sabres vs 16 for Senateurs.